 Dungeon Crawl Stone Soup version 0.31-a0-435-g2c6fae2916 (webtiles) character file.

Game seed: 14872289876059237097

560 Ge0ff the Vexing (level 7, -9/50 HPs)
             Began as a Mummy Enchanter on Aug 1, 2023.
             Mangled by a wight
             ... wielding a +0 scimitar
              (14 damage)
             ... on level 4 of the Dungeon on Aug 2, 2023.
             The game lasted 00:11:42 (5947 turns).

Ge0ff the Vexing (Mummy Enchanter)                  Turns: 5947, Time: 00:11:43

Health: -9/50      AC:  3    Str: 11    XL:     7   Next: 9%
Magic:  10/11      EV: 12    Int: 17    God:
Gold:   207        SH:  0    Dex: 12    Spells: 4/12 levels left

rFire   x . .        a - +4 dagger (venom)
rCold   + . .        (no shield)
rNeg    + + +        g - +0 robe
rPois   ∞            k - +0 helmet
rElec   .            (no cloak)
rCorr   .            (no gloves)
SInv    .            (no boots)
Will    .....        (no amulet)
Stlth   +            (no ring)
HPRegen 0.28/turn    (no ring)
MPRegen 0.12/turn

%: faith
@: about to teleport, very slow
A: cold resistance 1, negative energy resistance 3, torment resistance 2, heat
vulnerability 1, in touch with death 1, no potions, faith
a: no special abilities


You were on level 4 of the Dungeon.
You visited 1 branch of the dungeon, and saw 4 of its levels.

You collected 207 gold pieces.

Inventory:

Hand Weapons
 a - a +4 dagger of venom (weapon)
 b - a +2 rapier of speed
 j - a +1 dagger
 Y - a +0 sling
Missiles
 c - 10 stones
 X - 12 poisoned darts
 Z - 5 boomerangs (quivered)
Armour
 g - a +0 robe (worn)
 k - a +0 helmet (worn)
 V - an orb of mayhem
Wands
 p - a wand of paralysis (7)
Scrolls
 m - 2 scrolls of revelation
 C - a scroll of poison
 R - a scroll of torment {unknown}
 S - a scroll of butterflies
 U - a scroll of noise
 W - 2 scrolls of enchant armour


   Skills:
 - Level 2.0 Fighting
 + Level 3.1 Short Blades
 - Level 1.5 Dodging
 + Level 3.7 Stealth
 + Level 3.0 Spellcasting
 + Level 3.9 Hexes
 + Level 3.0 Ice Magic
 + Level 0.0 Evocations


You had 4 spell levels left.
You knew the following spells:

 Your Spells              Type           Power      Damage    Failure   Level
s - Confusing Touch       Hex            16%        N/A       11%         3
t - Tukima's Dance        Hex            16%        N/A       11%         3
C - Ensorcelled Hibernat  Hex/Ice        28%        N/A       6%          2

Your spell library contained the following spells:

 Spells                   Type           Power      Damage    Failure   Level
 Dazzling Flash           Conj/Hex       18%        N/A       24%         3
 Inner Flame              Hex/Fire       9%         N/A       24%         3
 Yara's Violent Unravell  Hex/Tmut       4%         3d4       91%         5
 Enfeeble                 Hex            8%         N/A       100%        7


Dungeon Overview and Level Annotations

Branches:
Dungeon (4/15) Zot: 18077
 Temple: D:4-7

Altars:
Kikubaaqudgha
Wu Jian


Innate Abilities, Weirdness & Mutations

You are immune to poison.
Your flesh is cold resistant. (rC+)
You are immune to negative energy. (rN+++)
You are immune to unholy pain and torment.
You are vulnerable to heat. (rF-)
You are in touch with the powers of death.
You do not drink.
You have a special connection with the divine. (Faith)


Message History

Q - a scroll of amnesia A giant cockroach comes into view.
The helpless giant cockroach fails to defend itself.
You impale the giant cockroach!!
You kill the giant cockroach!
You drop a scroll of amnesia.
You see here a giant cockroach corpse.
You see here a +0 falchion.
You enter the shallow water.
Moving in this stuff is going to be slow.
You enter the shallow water.
Moving in this stuff is going to be slow.
You enter the shallow water.
Moving in this stuff is going to be slow.
Casting: Confusing Touch (dangerous; 11% risk of failure)
Confirm with . or Enter, or press ? or * to list all spells.
Your hands begin to glow red.
You barely miss the wight. The wight misses you.
You hit the wight but do no damage. The wight barely misses you.
You hit the wight but do no damage. The wight hits you with a +1 mace.
You closely miss the wight. The wight misses you.
You completely miss the wight. The wight hits you with a +1 mace.
You closely miss the wight. You hit the wight but do no damage.
The wight hits you with a +1 mace!
You hit the wight but do no damage. The wight hits you with a +1 mace.
You hit the wight but do no damage. The wight closely misses you.
The wight throws a stone.
The stone hits you.
You hit the wight but do no damage. The wight barely misses you.
The wight throws a stone.
The stone barely misses you.
You closely miss the wight.
Your hands stop glowing.
The wight hits you with a +1 mace!
The wight throws a stone.
The stone hits you.
You closely miss the wight. The wight hits you with a +1 mace!
* * * LOW HITPOINT WARNING * * *
As you read the scroll of teleportation, it crumbles to dust.
You feel strangely unstable. The wight barely misses you.
You hit the wight.
The wight is lightly damaged.
The wight closely misses you.
You hit the wight.
The wight is heavily damaged.
You closely miss the wight.
The wight is heavily damaged.
The wight hits you with a +1 mace!
* * * LOW HITPOINT WARNING * * *
You enter the shallow water.
Moving in this stuff is going to be slow.
The wight barely misses you. The wight hits you with a +0 scimitar!
You die...

#.............#≈≈≈##..
#.............#≈≈≈≈#..
##.............#≈≈≈≈#..
##.....~...~.~~)#≈~≈≈#..
#.~≈≈~~~~≈z.~~.≈~~~~~#..
#.≈~≈.≈~~~≈z≈~~.≈.≈≈~...
#~≈≈≈~~≈.z~~~~~~≈≈~≈~...
#≈≈≈~~~~~~~~~~~.~~~.....
#≈≈≈≈#z@.~...~.~.~.~####
#≈≈≈##.z................
#≈≈#####################
#≈## # #≈ # # # # # #


You could see 5 wights.

Vanquished Creatures
  Eustachio (D:4)
  A scorpion (D:4)
  3 orc priests
  Jessica (D:1)
  An orc wizard (D:3)
  Terence (D:2)
  Robin (D:1)
  5 adders
  4 worms
  3 dart slugs
  11 orcs
  9 ball pythons
  8 endoplasms
  4 giant cockroaches
  14 hobgoblins
  9 jackals (D:1)
  4 kobolds
  3 quokkas
  10 bats
  2 frilled lizards (D:3)
  16 goblins
  9 rats
120 creatures vanquished.

Notes
Turn   | Place    | Note
-------+----------+-------------------------------------------
     0 | D:1      | Ge0ff the Mummy Enchanter began the quest for the Orb.
     0 | D:1      | Reached XP level 1. HP: 13/13 MP: 4/4
    36 | D:1      | Reached skill level 1 in Short Blades
   181 | D:1      | Reached XP level 2. HP: 19/19 MP: 5/5
   184 | D:1      | Learned a level 2 spell: Ensorcelled Hibernation
   229 | D:1      | Reached skill level 1 in Ice Magic
   559 | D:1      | Gained mutation: You are in touch with the powers of death.
                  | [Mummy growth]
   559 | D:1      | Reached XP level 3. HP: 24/24 MP: 7/7
   924 | D:1      | Learned a level 3 spell: Confusing Touch
  1875 | D:2      | Noticed Robin
  1898 | D:2      | Noticed Jessica
  1908 | D:1      | Killed Jessica
  1909 | D:1      | Reached XP level 4. HP: 31/31 MP: 2/8
  2355 | D:2      | Found an ornate altar of the Wu Jian Council.
  2451 | D:2      | Noticed Terence
  2638 | D:2      | Reached skill level 1 in Fighting
  2734 | D:1      | Killed Robin
  2946 | D:2      | Reached XP level 5. HP: 37/37 MP: 9/9
  2971 | D:2      | Learned a level 3 spell: Tukima's Dance
  2999 | D:2      | Killed Terence
  3312 | D:2      | Found an ornate altar of the Wu Jian Council.
  3651 | D:3      | Found an ancient bone altar of Kikubaaqudgha.
  4214 | D:3      | HP: 1/37 [something (2)]
  4412 | D:3      | Found an ancient bone altar of Kikubaaqudgha.
  4871 | D:4      | Noticed Eustachio
  4872 | D:4      | Reached XP level 6. HP: 43/43 MP: 10/10
  4892 | D:4      | Killed Eustachio
  5295 | D:4      | Reached XP level 7. HP: 39/50 MP: 11/11
  5947 | D:4      | Mangled by a wight

Illustrated notes

Levels and vault maps discovered:
D:1:      sevenhm_arrival_forest_fort_large_4, layout_basic,
          minmay_rat_gold_closets
D:2:      layout_rooms, basic_altar, kennysheep_generic_room_6, uniq_jessica,
          uniq_robin, uniq_terence
D:3:      layout_rooms, mainiacjoe_overflow_small_starburst,
          chequers_serial_rivers_micro_b, kennysheep_boxes
D:4:      layout_basic, st_stairs_10, corexii_leaking_fountain,
          chequers_serial_rivers_large_a,
          nicolae_concentric_dashed_squares_mild, uniq_eustachio

Skill      XL: |  1  2  3  4  5  6 |
---------------+-------------------+-----
Short Blades   | 1 2 3 |  3.1
Ice Magic      | 1 2 3 |  3.0
Spellcasting   | 3 |  3.0
Fighting       | 1 2 |  2.0
Hexes          | 3 |  3.9
Stealth        | 3 |  3.7
Dodging        | |  1.5

Action                     |  1- 3 |  4- 6 |  7- 9 || total
---------------------------+-------+-------+-------++-------
  Melee: Dagger            |   133 |   202 |    36 ||   371
         Punch             |     1 |     1 |       ||     2
  Throw: Stone             |     2 |    19 |       ||    21
         Boomerang         |       |     4 |     1 ||     5
   Cast: Ensorcelled Hiber |     6 |    28 |       ||    34
         Tukima's Dance    |       |     3 |       ||     3
         Confusing Touch   |       |     1 |     3 ||     4
    Use: Scroll            |       |     9 |     3 ||    12
   Stab: Sleeping          |    15 |    22 |     2 ||    39
         Confused          |       |     3 |       ||     3
 Armour: Robe              |    24 |    30 |     1 ||    55
  Dodge: Dodged            |    70 |    96 |    19 ||   185

Table legend: (Time is in decaauts)
 A = Elapsed time spent in this place.
 B = Non-inter-level travel time spent in this place.
 C = Inter-level travel time spent in this place.
 D = Time resting spent in this place.
 E = Time spent auto-exploring this place.
 F = Levels seen in this place.
 G = Mean time per level.
                   A        B        C        D        E       F      G
               +--------+--------+--------+--------+--------+-----+--------+
         Total |   5921 |   5803 |    118 |    672 |   3891 |   4 | 1480.2 |
       Dungeon |   5921 |   5803 |    118 |    672 |   3891 |   4 | 1480.2 |
               +--------+--------+--------+--------+--------+-----+--------+

Top non-repeatable levels by time:
     D:1: 2081 daAuts
     D:2: 1509 daAuts
     D:3: 1208 daAuts
     D:4: 1121 daAuts
